cohdb
Replays
Latest Replays
All Replays
Popular Replays
Top Player Replays
Match Explorer
How It Works
Community
CoH3 Stats
Reddit
Sign in to upload your games and track your stats! →
Sign in with Steam
Match 45464513
Unlisted
Match 45464513
Overview
Messages
Build Orders
End
Scout Squad
Construct Weapon Support Center
M1919 Machine Gun Team
M1919 Machine Gun Team
Bazooka Squad
Mechanized Support Center
M3 Armored Personnel Carrier
Engineer Squad
Selects Heavy Weapons
Selects M2HB .50cal Heavy Machine Gun
Selects Assault Carriers
Forward Retreat Point
.30 cal Machine Gun
Construct Tank Depot
Designate Forward Repair Station
M4(105) Sherman Bulldozer
M18 Hellcat Tank Destroyer
Engineer Squad
M18 Hellcat Tank Destroyer
Selects Gallant Stand
Selects Black Dragon Artillery Barrage
Engineer Squad
Black Dragon Artillery Barrage
M18 Hellcat Tank Destroyer
M1919 Machine Gun Team
Scout Squad
Black Dragon Artillery Barrage
Steven Stone
XYZ
Bermudas 3
chpatton
72ebel
[EC] Comrade Sniper
Dark Lord Cthulhu
MrZiehr
0
0
Comments
sign in to comment!
No comments posted yet!